 Dungeon Crawl Stone Soup version 0.23.2-1-ga50397a (webtiles) character file.

Game seed: 13788720662516030442

116 smcx the Firebug (level 4, -16/24 HPs)
             Began as a Deep Elf Fire Elementalist on May 23, 2019.
             Killed from afar by a goblin (26 damage)
             ... with an exploding inner flame
             ... led by Robin
             ... hexed by the player character
             ... on level 3 of the Dungeon on May 24, 2019.
             The game lasted 00:18:09 (3470 turns).

smcx the Firebug (Deep Elf Fire Elementalist)       Turns: 3470, Time: 00:18:09

Health: -16/24     AC:  2    Str:  6    XL:     4   Next: 70%
Magic:  2/11       EV: 14    Int: 20    God:
Gold:   170        SH:  0    Dex: 15    Spells: 4/10 levels left

rFire    . . .     SeeInvis .   b - +0 dagger (venom)
rCold    . . .     Gourm    .   (no shield)
rNeg     . . .     Faith    .   e - +0 robe
rPois    .         Spirit   .   (no helmet)
rElec    .         Reflect  .   (no cloak)
rCorr    .         Harm     .   (no gloves)
MR       .....                  (no boots)
Stlth    ++........             (no amulet)
HPRegen  0.08/turn              (no ring)
MPRegen  0.12/turn              (no ring)

@: very slightly contaminated
A: no striking features
a: no special abilities


You were on level 3 of the Dungeon.
You were not hungry.

You visited 1 branch of the dungeon, and saw 3 of its levels.

You collected 170 gold pieces.

Inventory:

Hand Weapons
 a - a +1 hunting sling of flaming
 b - a +0 dagger of venom (weapon)
Missiles
 g - 117 stones (quivered)
 l - 61 sling bullets
Armour
 e - a +0 robe (worn)
 p - a +0 leather armour
Jewellery
 i - an uncursed ring of wizardry {unknown}
 o - an uncursed ring of flight
Wands
 u - a wand of disintegration (17)
Scrolls
 d - 3 scrolls of identify {unknown}
 j - a scroll of teleportation {unknown}
 n - a scroll of fog {unknown}
 t - a scroll of fear {unknown}
Potions
 f - a potion of curing {unknown}
 k - 2 potions of lignification {unknown}
 m - a potion of heal wounds {unknown}
 q - a potion of ambrosia {unknown}
 s - a potion of haste {unknown}
Comestibles
 c - 4 rations
 r - 2 chunks of flesh


   Skills:
 + Level 0.9 Slings
 + Level 3.5 Dodging
 - Level 2.4 Stealth
 + Level 3.9 Spellcasting
 * Level 2.8 Conjurations
 + Level 3.9 Fire Magic


You had 4 spell levels left.
You knew the following spells:

 Your Spells              Type           Power        Failure   Level  Hunger
a - Flame Tongue          Conj/Fire      ###..        3%          1    None
b - Throw Flame           Conj/Fire      ###...       4%          2    ##.....
c - Conjure Flame         Conj/Fire      ###.....     10%         3    ###....

Your spell library contained the following spells:

 Spells                   Type           Power        Failure   Level  Hunger
 Inner Flame              Hex/Fire       ##......     17%         3    ###....
 Sticky Flame             Conj/Fire      ###.....     32%         4    ####...
 Fireball                 Conj/Fire      ###.......   65%         5    ######.


Dungeon Overview and Level Annotations

Branches:
Dungeon (3/15)

Altars:
Elyvilon
Zin
The Shining One

Annotations:
D:3 Robin


Message History

The goblin hits you but does no damage.
You completely miss the goblin.
The goblin is heavily wounded.
Robin hits you with a +2 whip of pain. The goblin hits you but does no damage.
Okay, then.
Okay, then.
As you read the scroll labeled WEVEGE UCWEXI, it crumbles to dust.
The creatures around you are filled with an inner flame!
It was a scroll of immolation.
Robin roars a battlecry!
The goblin goes into a battle-frenzy!
The goblin hits you with a cursed -3 dagger!
You hear a shout! x3
You barely miss the goblin.
The goblin is heavily wounded.
You hear an angry hiss.
The goblin explodes!
The fiery explosion engulfs you!!
Ouch! That really hurt!
You die...

#... #..# #..# #..#
#..### .....#
#######.( .....#
#..)..)g. .....#
#g#...... #..#.##
#@# #####
#.....##########ยง#
#...(............#
..#...##########.#
####.###########.#
#.............#
#############.# #.#
#.#


You could see Robin (inner flame).

Vanquished Creatures
  4 adders
  2 worms (D:2)
  2 dart slugs (D:1)
  2 leopard geckos
  An orc (D:3)
  7 giant cockroaches
  11 goblins
  13 hobgoblins
  2 jackals (D:2)
  A quokka (D:2)
  A ball python (D:1)
  4 bats
  4 frilled lizards
  4 kobolds
  6 rats
64 creatures vanquished.

Notes
Turn   | Place    | Note
-------+----------+-------------------------------------------
     0 | D:1      | smcx the Deep Elf Fire Elementalist began the quest for the
                  | Orb.
     0 | D:1      | Reached XP level 1. HP: 10/10 MP: 6/6
   265 | D:1      | Reached XP level 2. HP: 15/15 MP: 8/8
  1260 | D:2      | Reached XP level 3. HP: 19/19 MP: 5/9
  1618 | D:2      | Learned a level 2 spell: Throw Flame
  1636 | D:2      | Learned a level 3 spell: Conjure Flame
  1906 | D:2      | Reached XP level 4. HP: 24/24 MP: 2/11
  3099 | D:3      | Found a white marble altar of Elyvilon.
  3100 | D:3      | Found a glowing silver altar of Zin.
  3104 | D:3      | Found a glowing golden altar of the Shining One.
  3457 | D:3      | Noticed Robin
  3470 | D:3      | Killed from afar by a goblin

Skill      XL: |  1  2  3 |
---------------+----------+-----
Dodging        | 3 |  3.5
Conjurations   | 2 |  2.8
Slings         | |  0.9
Stealth        | |  2.4
Spellcasting   | |  3.9
Fire Magic     | |  3.9

Action                   |  1- 3 |  4- 6 || total
-------------------------+-------+-------++-------
Melee: Dagger            |       |     3 ||     3
 Fire: Hunting sling     |    36 |    10 ||    46
 Cast: Flame Tongue      |    49 |    34 ||    83
       Throw Flame       |     7 |    18 ||    25
  Use: Scroll            |       |     1 ||     1
  Eat: Ration            |     1 |     1 ||     2
       Chunk             |       |     1 ||     1
Armor: Robe              |     3 |     4 ||     7
Dodge: Dodged            |    16 |     9 ||    25
